[ AOE2 MATCH · #505515532 ]
UnrankedKoreans vs Britons
Player's team · WIN
Rival team · LOSS
[ REPLAY ANALYSIS · EXTRACTED FROM THE RECORDED GAME ]
Feudal
12:10
Castle
22:41
Imperial
36:08
| APM avg | 26.3 |
| APM peak | 54 |
| eAPM avg | 15.8 |
| Villagers / military | 88 / 13 |
Focus
⚔️ 26.0% · 🌾 74.0%
Bombard Cannon ×6 · Iron Pagoda ×4 · Trebuchet (Packed) ×2 · Monk ×1
Feudal
12:53
Castle
17:49
Imperial
30:06
| APM avg | 41.0 |
| APM peak | 84 |
| eAPM avg | 25.0 |
| Villagers / military | 69 / 36 |
Focus
⚔️ 26.4% · 🌾 73.6%
Archer ×23 · Trebuchet (Packed) ×4 · Militia ×3 · Longbowman ×3 · Battering Ram ×3
Match map
Initial resources + every placement click. Lines = walls · curves = elevation contours. ◆ gold · ⬟ stone · ● berries · ✦ relic · ◌ wall gap
Your base· ✓ Closed at 22:41 · 46t walls · 1 gate(s)
albert_the_humble's base· ✓ Closed at 17:49 · 14t walls · 1 gate(s)
Smoothed initial terrain · ◌ = detected wall gap · hover for details
Inputs per minute
— Post Nut Clarity - - albert_the_humble
Build order — Post Nut Clarity
First 150 of 214 actions detected
| 0:00 | Queue | Villager (Male) |
| 0:01 | Build | House |
| 0:02 | Build | House |
| 0:25 | Queue | Villager (Male) |
| 0:25 | Queue | Villager (Male) |
| 0:25 | Queue | Villager (Male) |
| 0:41 | Research | Loom |
| 0:41 | Queue | Villager (Male) |
| 0:41 | Queue | Villager (Male) |
| 1:40 | Queue | Villager (Male) |
| 2:19 | Queue | Villager (Male) |
| 3:32 | Queue | Villager (Male) |
| 3:32 | Queue | Villager (Male) |
| 3:46 | Build | Palisade Wall |
| 4:02 | Build | Palisade Wall |
| 4:08 | Build | Palisade Gate |
| 4:11 | Queue | Villager (Male) |
| 4:50 | Queue | Villager (Male) |
| 5:26 | Queue | Villager (Male) |
| 5:36 | Build | House |
| 5:48 | Build | Mill |
| 5:56 | Queue | Villager (Male) |
| 6:13 | Queue | Villager (Male) |
| 6:37 | Queue | Villager (Male) |
| 7:08 | Queue | Villager (Male) |
| 7:36 | Queue | Villager (Male) |
| 7:40 | Build | Lumber Camp |
| 7:44 | Queue | Villager (Male) |
| 7:58 | Queue | Villager (Male) |
| 8:41 | Queue | Villager (Male) |
| 8:51 | Build | House |
| 9:03 | Queue | Villager (Male) |
| 9:33 | Queue | Villager (Male) |
| 9:57 | Research | Feudal Age |
| 10:15 | Build | Mill |
| 10:36 | Build | House |
| 10:44 | Build | Mining Camp |
| 10:52 | Build | Mining Camp |
| 11:39 | Queue | Villager (Male) |
| 11:39 | Queue | Villager (Male) |
| 11:44 | Build | Mining Camp |
| 11:55 | Build | House |
| 11:56 | Build | House |
| 12:10 | Age | Feudal Age |
| 12:14 | Build | Watch Tower |
| 12:23 | Research | Double-Bit Axe |
| 12:38 | Queue | Villager (Male) |
| 13:12 | Queue | Villager (Male) |
| 13:19 | Build | House |
| 13:25 | Build | House |
| 13:29 | Queue | Villager (Male) |
| 13:42 | Build | Barracks |
| 13:51 | Queue | Villager (Male) |
| 14:17 | Queue | Villager (Male) |
| 14:30 | Build | Watch Tower |
| 14:39 | Queue | Villager (Male) |
| 14:42 | Build | Farm |
| 14:58 | Queue | Villager (Male) |
| 15:18 | Build | Archery Range |
| 15:23 | Queue | Villager (Male) |
| 15:32 | Build | Farm |
| 15:54 | Queue | Villager (Male) |
| 15:57 | Build | Farm |
| 16:21 | Queue | Villager (Male) |
| 16:22 | Build | Farm |
| 16:40 | Queue | Villager (Male) |
| 16:53 | Build | Blacksmith |
| 17:06 | Queue | Villager (Male) |
| 17:12 | Build | Watch Tower |
| 17:17 | Build | Farm |
| 17:20 | Queue | Villager (Male) |
| 18:05 | Build | Farm |
| 18:07 | Build | Farm |
| 18:10 | Build | Market |
| 18:13 | Queue | Villager (Male) |
| 18:25 | Build | Stone Wall |
| 18:30 | Build | Stone Wall |
| 18:45 | Queue | Villager (Male) |
| 18:46 | Build | Farm |
| 18:55 | Build | Farm |
| 19:04 | Queue | Villager (Male) |
| 19:09 | Build | Lumber Camp |
| 19:19 | Queue | Villager (Male) |
| 19:21 | Build | Farm |
| 19:29 | Queue | Villager (Male) |
| 19:43 | Build | Farm |
| 19:57 | Build | Stone Wall |
| 19:59 | Build | Stone Wall |
| 20:02 | Research | Castle Age |
| 20:12 | Build | Stone Wall |
| 20:17 | Build | Stone Wall |
| 20:17 | Build | Stone Wall |
| 20:20 | Build | Stone Wall |
| 20:21 | Build | Stone Wall |
| 20:24 | Build | Stone Wall |
| 20:27 | Queue | Villager (Male) |
| 20:30 | Research | Gold Mining |
| 20:40 | Build | Farm |
| 20:44 | Build | Farm |
| 20:59 | Build | Watch Tower |
| 21:14 | Research | Horse Collar |
| 21:22 | Build | Watch Tower |
| 21:27 | Research | Stone Mining |
| 21:44 | Research | Fletching |
| 22:11 | Research | Wheelbarrow |
| 22:20 | Build | Watch Tower |
| 22:26 | Build | Watch Tower |
| 22:41 | Age | Castle Age |
| 22:47 | Research | Town Watch |
| 23:37 | Build | Siege Workshop |
| 23:46 | Research | Bodkin Arrow |
| 24:00 | Queue | Villager (Male) |
| 24:00 | Queue | Villager (Male) |
| 24:00 | Queue | Villager (Male) |
| 24:28 | Build | House |
| 24:29 | Build | House |
| 24:45 | Build | House |
| 24:46 | Build | House |
| 24:46 | Build | House |
| 24:47 | Build | House |
| 24:47 | Build | House |
| 24:48 | Build | House |
| 24:49 | Build | House |
| 24:50 | Build | House |
| 24:50 | Build | House |
| 25:04 | Build | Castle |
| 25:17 | Build | University |
| 25:26 | Queue | Villager (Male) |
| 25:42 | Research | Bow Saw |
| 25:44 | Research | Heavy Plow |
| 25:49 | Research | Gold Shaft Mining |
| 26:03 | Queue | Villager (Male) |
| 26:34 | Queue | Iron Pagoda |
| 26:37 | Queue | Villager (Male) |
| 26:38 | Queue | Villager (Male) |
| 26:45 | Research | Treadmill Crane |
| 26:53 | Build | Gate |
| 27:10 | Build | Mining Camp |
| 27:14 | Queue | Villager (Male) |
| 27:14 | Queue | Villager (Male) |
| 27:28 | Build | Watch Tower |
| 27:32 | Queue | Iron Pagoda |
| 27:37 | Queue | Villager (Male) |
| 28:21 | Build | Watch Tower |
| 28:26 | Queue | Villager (Male) |
| 28:36 | Research | Ballistics |
| 29:41 | Build | Watch Tower |
| 29:53 | Queue | Villager (Male) |
| 29:53 | Queue | Villager (Male) |
| 29:54 | Queue | Villager (Male) |
Build order — albert_the_humble
First 150 of 200 actions detected
| 0:00 | Queue | Villager (Male) |
| 0:01 | Queue | Villager (Male) |
| 0:02 | Build | House |
| 0:04 | Build | House |
| 0:05 | Build | House |
| 0:07 | Queue | Villager (Male) |
| 0:07 | Queue | Villager (Male) |
| 0:54 | Build | House |
| 0:59 | Research | Loom |
| 0:59 | Queue | Villager (Male) |
| 1:00 | Queue | Villager (Male) |
| 1:45 | Queue | Villager (Male) |
| 1:45 | Queue | Villager (Male) |
| 2:49 | Queue | Villager (Male) |
| 2:49 | Queue | Villager (Male) |
| 3:32 | Queue | Villager (Male) |
| 3:33 | Queue | Villager (Male) |
| 3:33 | Queue | Villager (Male) |
| 3:56 | Queue | Villager (Male) |
| 3:57 | Queue | Villager (Male) |
| 4:12 | Queue | Villager (Male) |
| 4:12 | Queue | Villager (Male) |
| 5:15 | Queue | Villager (Male) |
| 5:15 | Queue | Villager (Male) |
| 5:30 | Queue | Villager (Male) |
| 5:30 | Queue | Villager (Male) |
| 6:14 | Build | Lumber Camp |
| 6:28 | Queue | Villager (Male) |
| 6:29 | Queue | Villager (Male) |
| 7:39 | Queue | Villager (Male) |
| 7:40 | Queue | Villager (Male) |
| 7:40 | Queue | Villager (Male) |
| 7:40 | Queue | Villager (Male) |
| 7:40 | Queue | Villager (Male) |
| 7:40 | Queue | Villager (Male) |
| 7:43 | Build | Mill |
| 8:10 | Build | House |
| 9:19 | Build | Mining Camp |
| 10:30 | Research | Feudal Age |
| 10:51 | Build | Palisade Wall |
| 10:55 | Build | House |
| 10:58 | Build | House |
| 11:10 | Build | House |
| 11:12 | Build | House |
| 11:12 | Build | House |
| 11:12 | Build | House |
| 11:17 | Build | House |
| 12:24 | Build | Barracks |
| 12:53 | Age | Feudal Age |
| 13:13 | Queue | Villager (Male) |
| 13:13 | Queue | Villager (Male) |
| 13:17 | Build | Archery Range |
| 13:22 | Build | Blacksmith |
| 13:29 | Build | House |
| 13:37 | Build | House |
| 15:09 | Research | Castle Age |
| 15:09 | Research | Castle Age |
| 15:29 | Build | Lumber Camp |
| 15:55 | Build | Palisade Gate |
| 16:19 | Research | Double-Bit Axe |
| 16:36 | Build | Archery Range |
| 16:38 | Queue | Archer |
| 16:38 | Queue | Archer |
| 16:38 | Queue | Archer |
| 16:39 | Queue | Archer |
| 16:47 | Build | House |
| 16:49 | Build | House |
| 16:51 | Build | House |
| 17:05 | Build | Farm |
| 17:05 | Build | Farm |
| 17:05 | Build | Farm |
| 17:05 | Build | Farm |
| 17:05 | Build | Farm |
| 17:22 | Build | Farm |
| 17:22 | Build | Farm |
| 17:49 | Age | Castle Age |
| 17:59 | Build | Siege Workshop |
| 18:11 | Build | Farm |
| 18:12 | Build | Farm |
| 19:11 | Queue | Villager (Male) |
| 19:12 | Queue | Villager (Male) |
| 19:26 | Build | Farm |
| 19:42 | Build | Town Center |
| 19:50 | Queue | Villager (Male) |
| 19:51 | Queue | Villager (Male) |
| 20:06 | Queue | Battering Ram |
| 20:32 | Build | Farm |
| 20:32 | Build | Farm |
| 20:42 | Queue | Villager (Male) |
| 20:43 | Queue | Villager (Male) |
| 20:43 | Queue | Villager (Male) |
| 20:43 | Queue | Villager (Male) |
| 20:48 | Build | Farm |
| 20:51 | Queue | Villager (Male) |
| 20:51 | Queue | Villager (Male) |
| 20:51 | Queue | Villager (Male) |
| 21:02 | Build | Farm |
| 21:02 | Queue | Villager (Male) |
| 21:16 | Research | Horse Collar |
| 21:17 | Research | Horse Collar |
| 21:24 | Build | Farm |
| 21:46 | Build | Town Center |
| 21:50 | Queue | Villager (Male) |
| 21:50 | Queue | Villager (Male) |
| 21:58 | Queue | Villager (Male) |
| 21:58 | Queue | Villager (Male) |
| 22:05 | Build | Mining Camp |
| 22:29 | Queue | Villager (Male) |
| 22:30 | Queue | Villager (Male) |
| 22:30 | Queue | Villager (Male) |
| 22:30 | Queue | Villager (Male) |
| 22:34 | Build | Farm |
| 22:36 | Build | Farm |
| 22:44 | Build | Farm |
| 22:51 | Build | Farm |
| 23:05 | Queue | Battering Ram |
| 23:05 | Queue | Battering Ram |
| 23:12 | Research | Man-at-Arms (upgrade) |
| 23:13 | Research | Gambesons |
| 23:18 | Research | Scale Mail Armor |
| 23:18 | Research | Scale Mail Armor |
| 23:27 | Queue | Militia |
| 23:27 | Queue | Militia |
| 23:54 | Queue | Villager (Male) |
| 23:54 | Queue | Villager (Male) |
| 24:05 | Build | Farm |
| 24:07 | Build | Farm |
| 24:23 | Build | Farm |
| 25:17 | Build | University |
| 25:50 | Research | Gold Mining |
| 26:18 | Build | Farm |
| 26:18 | Build | Farm |
| 26:18 | Build | Farm |
| 26:56 | Research | Imperial Age |
| 26:56 | Research | Imperial Age |
| 26:58 | Queue | Villager (Male) |
| 26:58 | Queue | Villager (Male) |
| 26:59 | Queue | Villager (Male) |
| 27:03 | Queue | Villager (Male) |
| 27:03 | Queue | Villager (Male) |
| 27:14 | Build | Mining Camp |
| 27:29 | Research | Long Swordsman (upgrade) |
| 27:30 | Queue | Militia |
| 28:19 | Research | Crossbowman (upgrade) |
| 28:49 | Build | Castle |
| 29:11 | Research | Fletching |
| 29:34 | Build | Archery Range |
| 29:35 | Build | Archery Range |
| 29:35 | Build | Archery Range |
| 29:35 | Build | Archery Range |
Match timeline
| 3:46 | Post Nut Clarity · wall_segment Palisade Wall x12 |
| 4:02 | Post Nut Clarity · wall_segment Palisade Wall x3 |
| 10:51 | albert_the_humble · wall_segment Palisade Wall x14 |
| 12:10 | Post Nut Clarity · age_up feudal |
| 12:24 | albert_the_humble · first_building Barracks |
| 12:53 | albert_the_humble · age_up feudal |
| 13:17 | albert_the_humble · first_building Archery Range |
| 13:42 | Post Nut Clarity · first_building Barracks |
| 15:18 | Post Nut Clarity · first_building Archery Range |
| 17:49 | albert_the_humble · age_up castle |
| 17:59 | albert_the_humble · first_building Siege Workshop |
| 18:25 | Post Nut Clarity · wall_segment Stone Wall x11 |
| 18:30 | Post Nut Clarity · wall_segment Stone Wall x6 |
| 19:26 | Post Nut Clarity · first_market_buy 100 food |
| 19:57 | Post Nut Clarity · wall_segment Stone Wall x3 |
| 19:59 | Post Nut Clarity · wall_segment Stone Wall x1 |
| 20:12 | Post Nut Clarity · wall_segment Stone Wall x3 |
| 20:17 | Post Nut Clarity · wall_segment Stone Wall x1 |
| 20:17 | Post Nut Clarity · wall_segment Stone Wall x1 |
| 20:20 | Post Nut Clarity · wall_segment Stone Wall x1 |
| 20:21 | Post Nut Clarity · wall_segment Stone Wall x1 |
| 20:24 | Post Nut Clarity · wall_segment Stone Wall x3 |
| 21:59 | Post Nut Clarity · first_market_sell 100 wood |
| 22:41 | Post Nut Clarity · age_up castle |
| 23:37 | Post Nut Clarity · first_building Siege Workshop |
| 25:04 | Post Nut Clarity · first_building Castle |
| 28:49 | albert_the_humble · first_building Castle |
| 30:06 | albert_the_humble · age_up imperial |
| 32:15 | Post Nut Clarity · first_building Monastery |
| 36:08 | Post Nut Clarity · age_up imperial |
| 42:11 | albert_the_humble · resign |
[ AI ANALYSIS · 1 CREDIT ]
What really happened in this match?
Wolo.gg analyzes every decision: build order, eco, micro, common mistakes by bracket. Personalized analysis on WhatsApp or Discord in 30 seconds.
Civ guide
Koreans
Perfil
Jugador #2740170